 Dungeon Crawl Stone Soup version 0.31-a0-365-gcf821cafb2 (webtiles) character file.

Game seed: 6824162592911780307

28343 Newt the Spear-Bearer (level 13, -9/78 (92) HPs)
             Began as a Merfolk Gladiator on July 28, 2023.
             Was an Elder of Hepliaklqana.
             Mangled by a jiangshi (22 damage)
             ... summoned by a vampire mage
             ... on level 1 of the Lair of Beasts.
             The game lasted 00:23:18 (14517 turns).

Newt the Spear-Bearer (Merfolk Gladiator)          Turns: 14517, Time: 00:23:19

HP:   -9/78 (92)    AC:  2    Str: 18    XL:     13   Next: 38%
MP:   23/23         EV: 20    Int:  8    God:    Hepliaklqana [****..]
Gold: 730           SH:  0    Dex: 22    Spells: 21/25 levels left

rFire   . . .        n - +12 glaive of Prune {freeze, Prune}
rCold   . . .        (shield currently unavailable)
rNeg    . . .        h - +0 troll leather armour
rPois   +            c - melded +0 helmet
rElec   .            (cloak currently unavailable)
rCorr   +            (gloves currently unavailable)
SInv    .            (boots currently unavailable)
Will    +....        s - amulet of regeneration
Stlth   +++          U - ring "Xupp" {rPois rCorr Dex+6 Stlth+}
HPRegen 1.93/turn    D - ring of willpower
MPRegen 0.18/turn

%: no passive effects
@: beast-form, flayed, heavily drained, unable to read
A: beast (slay +6), reduced essence, (nimble swimmer 2), mertail, deformed body,
screaming 2, subdued magic 1, inability to read after injury 1
a: Begin Untransformation, Renounce Religion, Recall Ancestor, Ancestor
Identity, Transference, Idealise


You were on level 1 of the Lair of Beasts.
You worshipped Hepliaklqana.
Hepliaklqana was greatly pleased with you.
You were a hulking beast.
You visited 2 branches of the dungeon, and saw 13 of its levels.
You also visited: Gauntlet.

You collected 1148 gold pieces.
You spent 418 gold pieces at shops.

Inventory:

Hand Weapons
 n - the +12 glaive of Prune (weapon) {freeze, Prune}
   (You acquired it on level 3 of the Dungeon)

   Prune:     It halves damage taken while paralysed, petrified or unconscious.
 B - a +3 demon trident of electrocution
Missiles
 d - a throwing net
Armour
 c - a +0 helmet (melded)
 h - a +0 troll leather armour (worn)
 p - the +8 ring mail of Boeha {rPois rF+ Str+3 Dex-3}
   (You found it on level 2 of the Dungeon)

   Str:       It affects your strength (+3).
   Dex:       It affects your dexterity (-3).
   rF:        It protects you from fire.
   rPois:     It protects you from poison.
 v - the +1 pair of boots of the Five Knives {rPois}
   (You found it in a Gauntlet)

   rPois:     It protects you from poison.
 A - a +2 kite shield
 Q - a +1 hat
 R - the +3 leather armour of Immorality {rElec rF+}
   (You found it on level 9 of the Dungeon)

   rF:        It protects you from fire.
   rElec:     It insulates you from electricity.
Jewellery
 l - a ring of protection from cold
 s - an amulet of regeneration (around neck)
 u - a ring of resist corrosion
 D - a ring of willpower (right hand)
 M - a +4 ring of protection
 U - the ring "Xupp" (left hand) {rPois rCorr Dex+6 Stlth+}
   (You found it in a Gauntlet)

   [ring of dexterity]

   Dex:       It affects your dexterity (+6).
   rPois:     It protects you from poison.
   rCorr:     It protects you from acid and corrosion.
   Stlth:     It makes you more stealthy.
Talismans
 g - a beast talisman
 k - a granite talisman
Wands
 w - a wand of iceblast (20)
 E - a wand of polymorph (5)
 P - a wand of charming (3)
 T - a wand of mindburst (4)
 W - a wand of flame (25)
 X - a wand of light (4)
Scrolls
 f - 3 scrolls of immolation
 i - 7 scrolls of teleportation
 q - 2 scrolls of fear
 F - 2 scrolls of enchant armour
 H - a scroll of amnesia
 I - a scroll of butterflies
 J - 2 scrolls of poison
 N - a scroll of brand weapon {unknown}
 Y - a scroll of silence
Potions
 a - a potion of ambrosia
 j - a potion of resistance
 m - a potion of brilliance
 o - a potion of cancellation
 r - 3 potions of lignification
 t - 3 potions of curing
 G - 2 potions of mutation
 K - 2 potions of enlightenment
 O - a potion of might
 S - a potion of berserk rage
Miscellaneous
 C - a box of beasts (inert)


   Skills:
 - Level 10.0 Fighting
 - Level 14.0 Polearms
 - Level 2.0 Throwing
 - Level 3.0 Armour
 + Level 11.5 Dodging
 - Level 6.9 Spellcasting
 - Level 7.5 Summonings
 - Level 8.2 Ice Magic
 - Level 9.0 Shapeshifting


You had 21 spell levels left.
You knew the following spells:

 Your Spells              Type           Power      Damage    Failure   Level
a - Summon Ice Beast      Ice/Summ       11%        N/A       8%          4

Your spell library contained the following spells:

 Spells                   Type           Power      Damage    Failure   Level
 Hailstorm                Conj/Ice       7%         3d4       12%         3
 Slow                     Hex            8%         N/A       22%         1
 Blink                    Tloc           4%         N/A       32%         2
 Lesser Beckoning         Tloc           4%         N/A       32%         2
 Momentum Strike          Conj/Tloc      4%         3d8       32%         2
 Confusing Touch          Hex            2%         N/A       56%         3
 Inner Flame              Hex/Fire       2%         N/A       56%         3
 Vampiric Draining        Necr           2%         2d6       56%         3
 Summon Forest            Summ/Tloc      3%         N/A       80%         5
 Summon Mana Viper        Hex/Summ       6%         N/A       80%         5
 Iskenderun's Battlesphe  Conj           2%         2d6       100%        5
 Yara's Violent Unravell  Hex/Tmut       1%         3d3       100%        5
 Eringya's Noxious Bog    Tmut/Pois      1%         4d6       100%        6
 Leda's Unmaking          Conj/Erth      1%         9d1       100%        6
 Simulacrum               Ice/Necr       3%         N/A       100%        6
 Enfeeble                 Hex            1%         N/A       100%        7
 Monstrous Menagerie      Summ           5%         N/A       100%        7
 Spellforged Servitor     Conj/Summ      3%         N/A       100%        7
 Summon Hydra             Summ           5%         N/A       100%        7


Dungeon Overview and Level Annotations

Branches:
Dungeon (12/15)            Temple (0/1) D:7            Lair (1/5) D:10
    Orc (0/2) D:11        Gauntlet (visited)

Altars:
Ashenzari
Cheibriados
Dithmenos
Elyvilon
Fedhas
Gozag
Hepliaklqana
Kikubaaqudgha
Makhleb
Nemelex Xobeh
Ru
Trog
Vehumet
Xom
Yredelemnul
The Shining One
Jiyva

Shops:
D:1 =   D:3 :   D:10 :

Portals:
Trove: D:12 (give 4 scrolls of blinking)

Annotations:
D:11 3 runed translucent doors, Omnos's ghost, journeyman DsSh


Innate Abilities, Weirdness & Mutations

You are a hulking beast.
Your limbs bulge with bestial killing power. (Slay +6)
Your life essence is reduced to manifest your ancestor. (-10% HP)
((You are very nimble when in or above water. (Stealth+, EV+, Speed+++)))
Your lower body shifts to a powerful aquatic tail in water.
Armour fits poorly on your strangely shaped body.
You frequently scream uncontrollably at your foes.
Your spells are a little easier to cast, but a little less powerful.
You occasionally lose the ability to read scrolls when taking damage.


Message History

Press: ? - help, Dir - move target, f - you
Okay, then.
You start resting.
You hear some strange, mumbled words.
A bolt of negative energy appears from out of thin air!
The bolt of negative energy hits Numeria.
Numeria completely resists.
The bolt of negative energy hits you!!
You feel drained.
Unknown command.
There is an open door here.
You start resting.
Numeria hits something with a +0 flail!
You start resting.
Something hits Numeria!
Numeria blocks something's attack.
You start resting.
Numeria hits something but does no damage.
Something hits Numeria.
Numeria blocks something's attack.
You hear some strange, mumbled words.
Numeria misses something.
The flayed ghost attacks as you move away!
The flayed ghost completely misses you. The jiangshi claws you!
The jiangshi draws strength from your injuries!
The jiangshi misses you.
Numeria blocks something's attack. x2
The flayed ghost stares at you with tortured malice.
Terrible wounds open up all over your body!
The jiangshi barely misses you. The jiangshi misses you.
Numeria hits something with a +0 flail.
The jiangshi closely misses you. The jiangshi misses you.
You hear some strange, mumbled words.
There is an open door, spattered with blood here.
The jiangshi attacks as you move away! The jiangshi claws you.
The jiangshi draws strength from your injuries!
The jiangshi claws you!
You feel threatened and lose the ability to read scrolls!
* * * LOW HITPOINT WARNING * * *
The jiangshi draws strength from your injuries!
The jiangshi claws you!
* * * LOW HITPOINT WARNING * * *
The jiangshi draws strength from your injuries!
The jiangshi claws you!!
You die...

......#...♣♣♣♣♣♣♣...♣♣♣..........
......#...♣♣§§§..♣§..♣♣♣P.##.####
.........♣♣......§§..♣♣♣........#
......#...♣♣#####'###♣♣.........#
......#...♣ #..'....# ♣.........#
......#...♣ #..#....# ♣.........#
......#..♣♣ #..#....# ♣♣........+
......#..♣ #..#....# ♣.........#
#.###.#..♣♣ #..#h...# ♣♣.##.##+.#
..........♣ ####V#### ♣..........
..........♣ #.......# ♣♣.........
.........♣♣ #....WRZ# ♣..........
.........♣♣ #######'# ♣♣.........
..........♣ #"÷.#.ZV# ♣..........
..........♣ #...#..)# ♣♣.........
.........♣♣ #...#R.÷# ♣♣######..
##.##....# #{R.'...# ####.P##..


You could see the friendly Numeria the knight, 2 jiangshi and a flayed ghost
(summoned).

Vanquished Creatures
  Gastronok (D:9)
  A cacodemon (Gauntlet)
  Nessos (D:12)
  A minotaur (Gauntlet)
  A vault guard (D:12)
  A boulder beetle (D:12)
  3 two-headed ogres
  A tengu warrior (D:12)
  Nergalle (Lair:1)
  A wizard (D:12)
  Pikel (D:5)
  A deep elf pyromancer (D:12)
  A manticore (D:12)
  4 cyclopes (D:12)
  Joseph (D:9)
  Maurice (D:9)
  Maggie (Lair:1)
  An ice statue (D:12)
  A minotaur zombie (Gauntlet)
  An orange demon (Lair:1)
  A gargoyle (D:12)
  A rime drake (Lair:1)
  5 komodo dragons
  An unseen horror (D:11)
  2 kobold demonologists
  4 trolls
  4 shadows (D:12)
  5 wraiths
  4 yaks
  2 wyverns (D:9)
  3 neqoxecs (Gauntlet)
  A human (Lair:1)
  A ynoxinul (Gauntlet)
  A basilisk (Lair:1)
  9 water moccasins
  3 acid dragons
  8 orc warriors
  5 ogres
  2 ice beasts (D:7)
  A black bear (D:6)
  12 centaurs
  A kobold brigand (D:6)
  3 phantoms
  5 bullfrogs
  3 gnoll sergeants
  3 scorpions
  16 wights
  7 killer bees
  2 howler monkeys
  8 electric eels
  2 hounds (D:5)
  2 jellies
  A sleepcap (D:8)
  10 orc priests
  4 iron imps (Gauntlet)
  A gnoll bouda (D:9)
  3 iguanas
  7 orc wizards
  Robin (D:2)
  13 gnolls
  6 adders
  A shadow imp (D:6)
  5 white imps
  2 ufetubi (D:4)
  2 dart slugs
  56 orcs
  13 endoplasms
  2 giant cockroaches
  12 goblins
  10 hobgoblins
  11 kobolds
  3 quokkas
  5 ball pythons
  5 bats
  A frilled lizard (D:2)
  5 rats
  A spectral hobgoblin (D:6)
332 creatures vanquished.

Vanquished Creatures (collateral kills)
  Erica (D:11)
  Amaemon (Lair:1)
  An unseen horror (D:11)
  A polar bear (Lair:1)
  2 yaks (D:10)
  An orc warrior (D:10)
  A killer bee (D:10)
  An electric eel (D:10)
  An orc priest (D:8)
  An orc wizard (D:8)
  A white imp (D:8)
  8 orcs
20 creatures vanquished.

Vanquished Creatures (others)
  An unseen horror (D:12)
  An ancestor (D:9)
  7 knights
9 creatures vanquished.

Grand Total: 361 creatures vanquished

Notes
Turn   | Place    | Note
-------+----------+-------------------------------------------
     0 | D:1      | Newt the Merfolk Gladiator began the quest for the Orb.
     0 | D:1      | Reached XP level 1. HP: 16/16 MP: 1/1
   118 | D:1      | Reached XP level 2. HP: 23/23 MP: 2/2
   617 | D:1      | Found Diross's Jewellery Boutique.
   786 | D:1      | Reached XP level 3. HP: 30/30 MP: 3/3
  1478 | D:2      | Noticed Robin
  1519 | D:2      | Reached XP level 4. HP: 22/35 MP: 4/4
  1524 | D:2      | Killed Robin
  1525 | D:2      | Reached skill level 5 in Polearms
  1836 | D:2      | Identified the +8 ring mail of Boeha {rPois rF+ Str+3
                  | Dex-3}
  2245 | D:3      | Identified a scroll of acquirement
  2245 | D:3      | Acquired the +12 glaive of Prune {freeze, Prune}
  2245 | D:3      | Found the +12 glaive of Prune {freeze, Prune}
  2335 | D:3      | Reached skill level 1 in Shapeshifting
  2390 | D:3      | Reached XP level 5. HP: 42/42 MP: 5/5
  2538 | D:3      | Found Qourhebu's Book Shoppe.
  2544 | D:3      | Found a white marble altar of Elyvilon.
  3135 | D:4      | Found a basalt altar of Yredelemnul.
  3192 | D:4      | Found an ancient bone altar of Kikubaaqudgha.
  3259 | D:4      | Reached XP level 6. HP: 35/48 MP: 6/6
  3495 | D:4      | Found a burning altar of Makhleb.
  3819 | D:5      | Entered Level 5 of the Dungeon
  3825 | D:5      | Reached skill level 5 in Shapeshifting
  3970 | D:5      | Reached skill level 6 in Polearms
  3973 | D:5      | Reached XP level 7. HP: 26/54 MP: 7/7
  3975 | D:5      | Reached skill level 7 in Polearms
  4293 | D:5      | Reached skill level 8 in Polearms
  4348 | D:5      | Noticed Pikel
  4359 | D:5      | Killed Pikel
  4360 | D:5      | Reached skill level 5 in Dodging
  4360 | D:5      | Reached XP level 8. HP: 47/60 MP: 8/8
  4392 | D:5      | Found a radiant altar of Vehumet.
  4576 | D:5      | Found an opulent altar of Gozag.
  4982 | D:6      | Reached skill level 5 in Fighting
  5213 | D:6      | Reached XP level 9. HP: 71/71 MP: 9/9
  5342 | D:6      | Found a sparkling altar of Nemelex Xobeh.
  5488 | D:6      | Acquired a +2 demon trident of electrocution
  5645 | D:6      | Found a hazy altar of Hepliaklqana.
  5657 | D:6      | Became a worshipper of Hepliaklqana the Forgotten
  6028 | D:7      | Found a bloodstained altar of Trog.
  6111 | D:7      | Found a glowing golden altar of the Shining One.
  6421 | D:7      | Identified the +2 robe of Charity {Int+5}
  6456 | D:7      | Found a staircase to the Ecumenical Temple.
  6690 | D:3      | Bought a book of Beasts for 418 gold pieces
  6759 | D:8      | Learned a level 4 spell: Summon Ice Beast
  6775 | D:8      | Reached skill level 1 in Spellcasting
  6775 | D:8      | Reached skill level 1 in Summonings
  6775 | D:8      | Reached skill level 1 in Ice Magic
  6789 | D:8      | Found a shimmering altar of Xom.
  6857 | D:8      | Reached * piety under Hepliaklqana
  6914 | D:8      | Reached XP level 10. HP: 63/71 MP: 11/13
  7148 | D:8      | Found a runed translucent door.
  7335 | D:8      | Found a shadowy altar of Dithmenos.
  7510 | D:8      | Found a snail-covered altar of Cheibriados.
  8049 | D:9      | Noticed Maurice
  8055 | D:9      | Killed Maurice
  8210 | D:9      | Noticed a two-headed ogre
  8220 | D:9      | Killed a two-headed ogre
  8221 | D:9      | Reached skill level 5 in Ice Magic
  8255 | D:9      | Found a blossoming altar of Fedhas.
  8261 | D:9      | Identified the +3 leather armour of Immorality {rElec rF+}
  8457 | D:9      | Noticed Joseph
  8457 | D:9      | Noticed a kobold demonologist
  8464 | D:9      | Noticed a sun demon
  8466 | D:9      | Killed a kobold demonologist
  8467 | D:9      | Reached skill level 5 in Summonings
  8472 | D:9      | Killed Joseph
  8536 | D:9      | Reached skill level 5 in Spellcasting
  8576 | D:9      | Reached ** piety under Hepliaklqana
  8577 | D:9      | Remembered your ancestor Numeria as a knight
  8589 | D:9      | Noticed Gastronok
  8595 | D:9      | Killed Gastronok
  8596 | D:9      | Reached XP level 11. HP: 75/75 MP: 17/19
  8719 | D:9      | Found a sacrificial altar of Ru.
  8788 | D:10     | Entered Level 10 of the Dungeon
  9273 | D:10     | Found Heucwae's Book Boutique.
  9304 | D:10     | Found a staircase to the Lair.
  9314 | D:10     | Found a broken altar of Ashenzari.
 10226 | D:11     | Noticed Erica
 10234 | D:11     | Killed Erica
 10249 | D:11     | Found a staircase to the Orcish Mines.
 10722 | D:11     | Found a runed translucent gate.
 10723 | D:11     | Found a runed translucent gate.
 10723 | D:11     | Found a runed translucent gate.
 10821 | D:11     | Noticed Omnos's ghost (journeyman DsSh)
 10822 | D:11     | Noticed a glowing orange brain
 10824 | D:11     | Found a viscous altar of Jiyva.
 10862 | D:12     | Reached skill level 9 in Polearms
 10959 | D:12     | Noticed Nessos
 10964 | D:12     | Noticed a two-headed ogre
 11266 | D:12     | Noticed a cyclops
 11272 | D:12     | Killed a cyclops
 11273 | D:12     | Reached XP level 12. HP: 44/79 MP: 22/22
 11398 | D:12     | Reached *** piety under Hepliaklqana
 11414 | D:12     | Noticed a vault guard
 11427 | D:12     | Killed a vault guard
 11428 | D:12     | Reached skill level 10 in Polearms
 11575 | D:12     | Noticed a boulder beetle
 11586 | D:12     | Killed a boulder beetle
 11587 | D:12     | Reached skill level 11 in Polearms
 11906 | D:12     | Killed a two-headed ogre
 12059 | D:12     | Noticed a two-headed ogre
 12066 | D:12     | Killed a two-headed ogre
 12067 | D:12     | Reached skill level 12 in Polearms
 12124 | D:12     | Reached skill level 13 in Polearms
 12235 | D:12     | Killed Nessos
 12236 | D:12     | Reached skill level 14 in Polearms
 12256 | D:12     | HP: 2/81 [cyclops/large rock (47)]
 12832 | D:12     | Found a portal to a secret trove of treasure.
 13010 | D:12     | Noticed a tengu warrior
 13025 | D:12     | Killed a tengu warrior
 13055 | D:12     | HP: 4/85 [manticore (7)]
 13334 | Lair:1   | Entered Level 1 of the Lair of Beasts
 13427 | Lair:1   | Reached skill level 10 in Fighting
 13427 | Lair:1   | Reached XP level 13. HP: 83/92 MP: 23/23
 13505 | Lair:1   | Found a gate leading to a gauntlet.
 13530 | Gauntlet | Entered a Gauntlet
 13530 | Gauntlet | Found a transporter.
 13530 | Gauntlet | Found a transporter.
 13543 | Gauntlet | Found a transporter.
 13561 | Gauntlet | Found a transporter.
 13561 | Gauntlet | Found a transporter.
 13563 | Gauntlet | Found a transporter.
 13563 | Gauntlet | Found a transporter.
 13565 | Gauntlet | Found a transporter.
 13568 | Gauntlet | Found a runed translucent door.
 13568 | Gauntlet | Found a runed translucent door.
 13575 | Gauntlet | Found a transporter.
 13591 | Gauntlet | Noticed a cacodemon
 13591 | Gauntlet | Found a transporter.
 13601 | Gauntlet | Found a transporter.
 13602 | Gauntlet | Found the +2 cloak of the Thief {*Fog Slay-2 SInv Stlth+}
 13616 | Gauntlet | Found a transporter.
 13631 | Gauntlet | Noticed a blizzard demon
 13636 | Gauntlet | Found a transporter.
 13638 | Gauntlet | Found a runed translucent gate.
 13638 | Gauntlet | Found a runed translucent gate.
 13638 | Gauntlet | Found a runed translucent gate.
 13648 | Gauntlet | Found a transporter.
 13692 | Gauntlet | Identified the +1 pair of boots of the Five Knives {rPois}
 13747 | Gauntlet | Gained mutation: You occasionally shout uncontrollably at
                  | your foes. [a cacodemon]
 13748 | Gauntlet | Gained mutation: Your spells are a little easier to cast,
                  | but a little less powerful. [a cacodemon]
 13750 | Gauntlet | Killed a cacodemon
 13750 | Gauntlet | Gained mutation: You frequently scream uncontrollably at
                  | your foes. [a neqoxec]
 13756 | Gauntlet | Gained mutation: You occasionally lose the ability to read
                  | scrolls when taking damage. [a neqoxec]
 13757 | Gauntlet | Gained mutation: Armour fits poorly on your strangely
                  | shaped body. [a neqoxec]
 13765 | Gauntlet | Identified the ring "Xupp" {rPois rCorr Dex+6 Stlth+}
 13813 | Gauntlet | Identified the +7 war axe of Currency {flame, rF+ Int+5}
 13813 | Gauntlet | Noticed a minotaur
 13821 | Gauntlet | Killed a minotaur
 13822 | Gauntlet | Reached skill level 10 in Dodging
 13830 | Gauntlet | Identified the +4 shortbow of Suicidal Tendencies {speed,
                  | rF+ rN++ Int-2}
 13951 | Lair:1   | Noticed Maggie
 13956 | Lair:1   | Killed Maggie
 14034 | Lair:1   | Reached **** piety under Hepliaklqana
 14094 | Lair:1   | Noticed Amaemon
 14104 | Lair:1   | Killed Amaemon
 14149 | Lair:1   | Noticed Nergalle
 14158 | Lair:1   | Killed Nergalle
 14351 | Lair:1   | Found a runed translucent door.
 14515 | Lair:1   | Noticed a jiangshi
 14517 | Lair:1   | Mangled by a jiangshi

Illustrated notes

Levels and vault maps discovered:
D:1:      shiori_arrival_maze, layout_basic, serial_shops, shop
D:2:      layout_basic, uniq_robin
D:3:      layout_basic, overflow_temple_1_default, serial_shops, shop,
          eino_curves_03, minmay_misc_feat_doors
D:4:      layout_basic, mainiacjoe_overflow_catwalk,
          lemuel_zombie_altar_kikubaaqudgha, yredelemnul_altar_generic
D:5:      layout_layer_cave, mainiacjoe_overflow_boulevard, lemuel_round_altar,
          uniq_pikel
D:6:      layout_gridville, nemelex_dance_club_becter,
          nicolae_hepliaklqana_monster_ancestors, minmay_door_square
D:7:      layout_rooms, mainiacjoe_overflow_24_doors,
          nicolae_tso_carved_into_rock, temple_green,
          hangedman_decor_clover_reticule
D:8:      layout_layer_cave, lemuel_coloured_pillars_altar,
          mainiacjoe_overflow_cross_hatched, grunt_dithmenos_shadows,
          lightli_church_of_beogh
D:9:      layout_roguey, marbit_many_paths, fedhas_altar_1, nrook_loot_triangle,
          eino_small_chamber_without_monster, grunt_ministairs_9, uniq_maurice,
          uniq_gastronok, uniq_joseph
D:10:     layout_basic, lemuel_crystal_altar, david_lair_shrubbed, serial_shops,
          shop
D:11:     layout_irregular_city, david_orc_3, gammafunk_ghost_ooze, uniq_erica
D:12:     layout_loops_corners, enter_trove_5, serial_bayou_pond_b,
          nzn_random_ring, uniq_nessos
Lair:1:   layout_regular_city, gauntlet_entry_generic,
          pdpol_lair_cabin_in_the_woods, serial_bayou_shore_a, uniq_maggie,
          uniq_amaemon, uniq_nergalle

Skill      XL: |  1  2  3  4  5  6  7  8  9 10 11 12 13 |
---------------+----------------------------------------+-----
Fighting       | 3 4 6 7 10 | 10.0
Polearms       | 5 6 8 9 14 | 14.0
Shapeshifting  | 1 4 5 9 |  9.0
Armour         | 3 |  3.0
Dodging        | 5 7 11 | 11.5
Spellcasting   | 2 5 6 |  6.9
Summonings     | 2 6 7 |  7.5
Ice Magic      | 2 6 8 |  8.2
Throwing       | |  2.0

Action                     |  1- 3 |  4- 6 |  7- 9 | 10-12 | 13-15 || total
---------------------------+-------+-------+-------+-------+-------++-------
  Melee: Trident           |   124 |    26 |       |       |       ||   150
         Glaive            |       |    68 |   153 |   305 |    70 ||   596
  Throw: Throwing net      |     1 |     3 |     2 |       |       ||     6
   Cast: Summon Ice Beast  |       |       |       |     5 |       ||     5
 Invoke: Ancestor Life: Kn |       |       |       |     1 |       ||     1
         Recall Ancestor   |       |       |       |     3 |       ||     3
         Transference      |       |       |       |     1 |       ||     1
  Evoke: Wand              |       |       |       |    13 |     1 ||    14
         Box of beasts     |       |       |       |       |     1 ||     1
    Use: Scroll            |     5 |     6 |     4 |    13 |     1 ||    29
         Potion            |     1 |     1 |     1 |     6 |     3 ||    12
   Stab: Sleeping          |     3 |       |       |     1 |     2 ||     6
         Distracted        |       |       |       |     2 |       ||     2
 Armour: Leather armour    |    24 |     3 |       |     2 |       ||    29
         Ring mail         |       |    22 |    58 |    39 |       ||   119
         Troll leather arm |       |       |       |    16 |     5 ||    21
  Dodge: Dodged            |    68 |    52 |    81 |   165 |    36 ||   402
   Form: Beast             |     1 |       |       |       |       ||     1

Table legend: (Time is in decaauts)
 A = Elapsed time spent in this place.
 B = Non-inter-level travel time spent in this place.
 C = Inter-level travel time spent in this place.
 D = Time resting spent in this place.
 E = Time spent auto-exploring this place.
 F = Levels seen in this place.
 G = Mean time per level.
                   A        B        C        D        E       F      G
               +--------+--------+--------+--------+--------+-----+--------+
         Total |  14657 |  14048 |    609 |   2809 |   9016 |  14 | 1046.9 |
       Dungeon |  13476 |  12867 |    609 |   2714 |   8322 |  12 | 1123.0 |
          Lair |    830 |    830 |      0 |     27 |    566 |   1 |  830.0 |
      Gauntlet |    351 |    351 |      0 |     68 |    127 |   1 |  351.0 |
               +--------+--------+--------+--------+--------+-----+--------+

Top non-repeatable levels by time:
    D:12: 2439 daAuts
     D:8: 1229 daAuts
     D:5: 1187 daAuts
     D:1: 1127 daAuts
     D:2: 1085 daAuts
     D:9: 1038 daAuts
    D:10: 979 daAuts
    D:11: 951 daAuts
     D:3: 885 daAuts
     D:7: 884 daAuts
     D:6: 869 daAuts
  Lair:1: 830 daAuts
     D:4: 797 daAuts
Gauntlet: 351 daAuts
